 Dungeon Crawl Stone Soup version 0.29.0-4-gdea44cf6ec (webtiles) character file.

Game seed: 2731461643004770572

17 qw the Chopper (level 2, -2/26 HPs)
             Began as a Barachi Chaos Knight on Sept 3, 2022.
             Slain by a killer bee (5 damage)
             ... on level 1 of the Dungeon.
             The game lasted 00:00:26 (728 turns).

qw the Chopper (Barachi Chaos Knight)                Turns: 728, Time: 00:00:27

Health: -2/26      AC:  5    Str: 13    XL:     2   Next: 62%
Magic:  2/2        EV: 11    Int: 12    God:
Gold:   37         SH:  0    Dex: 11    Spells: 1/1 levels left

rFire   . . .      SeeInvis .   a - +0 hand axe (chaos)
rCold   . . .      Faith    .   (no shield)
rNeg    . . .      Spirit   .   b - +2 leather armour
rPois   .          Reflect  .   (no helmet)
rElec   .          Harm     .   (no cloak)
rCorr   .          Rampage  .   (no gloves)
Will    .....                   (no boots)
Stlth   +.........              (no amulet)
HPRegen 0.08/turn               (no ring)
MPRegen 0.08/turn               (no ring)

@: unable to drink, slow
A: amphibious, slowness 1, strong legs 1, +LOS, robust 1, inability to drink
after injury 1
a: Hop


You were on level 1 of the Dungeon.
You visited 1 branch of the dungeon, and saw 1 of its levels.

You collected 37 gold pieces.


Innate Abilities, Weirdness & Mutations

You are amphibious.
You cover ground slowly.
You can hop short distances.
You have an extended range of vision and can be seen from far away.
You are robust. (+10% HP)
You occasionally lose the ability to drink potions when taking damage.


   Skills:
 - Level 3.6 Fighting
 + Level 4.3 Axes
 - Level 2.4 Armour
 - Level 1.1 Dodging


You had one spell level left.
You didn't know any spells.
Your spell library was empty.

Inventory:

Hand Weapons
 a - a +0 hand axe of chaos (weapon)
Armour
 b - a +2 leather armour (worn)
 d - a +0 ring mail
Scrolls
 e - a scroll of silence {unknown}
 g - a scroll of amnesia {unknown}
 h - a scroll of teleportation {unknown}
 i - a scroll of enchant weapon {unknown}
Potions
 f - a potion of curing {unknown}
Miscellaneous
 c - a piece from Xom's chessboard (15/15)

Dungeon Overview and Level Annotations

Branches:
Dungeon (1/15)

Altars:


Message History

You hit the river rat but do no damage.
The river rat is heavily wounded.
The river rat barely misses you.
You hit the river rat.
The river rat is almost dead.
The river rat bites you but does no damage.
You hit the river rat but do no damage.
The river rat is almost dead.
The river rat bites you but does no damage.
You barely miss the river rat.
The river rat is almost dead.
You can drink potions again.
The river rat barely misses you.
You hit the river rat but do no damage.
The river rat is almost dead.
The river rat bites you but does no damage.
You closely miss the river rat.
The river rat is almost dead.
The river rat bites you.
The river rat bites you but does no damage.
You barely miss the river rat.
The river rat is almost dead.
The river rat barely misses you.
You closely miss the river rat.
The river rat is almost dead.
The river rat bites you but does no damage.
You closely miss the river rat.
The river rat is almost dead.
The river rat bites you but does no damage.
You hit the river rat.
The river rat evaporates and reforms as a killer bee!
The killer bee stings you.
You hit the killer bee but do no damage.
The killer bee barely misses you.
The killer bee stings you but does no damage. x2
You miss the killer bee. The killer bee stings you.
You feel threatened and lose the ability to drink potions!
You die...
Xom thinks this is hilarious!

.#.....##.............#
###########.........###
......######%..#.#..#
.................#..#
########..##..##.#..#
######.##.....#..#
#....#.##..###########
#.##.#.##..##.y......#
####..#...##..##@######.#
.......####......)......#
.....#..#####.##.###...##
.....##...###.##.# ..#
.....####...#.##.# .
........###...##..
........# ##..##..
........# #..###..
........# #..# #.


You could see a killer bee.

Vanquished Creatures
  A dart slug (D:1)
  3 ball pythons (D:1)
  2 endoplasms (D:1)
  A hobgoblin (D:1)
  A quokka (D:1)
  3 bats (D:1)
  A goblin (D:1)
  A kobold (D:1)
  2 rats (D:1)
15 creatures vanquished.

Notes
Turn   | Place    | Note
-------+----------+-------------------------------------------
     0 | D:1      | qw the Barachi Chaos Knight began the quest for the Orb.
     0 | D:1      | Reached XP level 1. HP: 18/18 MP: 1/1
     0 | D:1      | 0 ||| qw: Version: 0.1-a-102-g441f92d
     0 | D:1      | 0 ||| qw: Game counter: 5294
     0 | D:1      | 0 ||| qw: Always use a shield: true
     0 | D:1      | 0 ||| qw: God list: Okawaru
     0 | D:1      | 0 ||| qw: Allow faded altars: false
     0 | D:1      | 0 ||| qw: Do Orc after D:15 true
     0 | D:1      | 0 ||| qw: Do second Lair branch before Depths: true
     0 | D:1      | 0 ||| qw: Lair rune preference: random
     0 | D:1      | 0 ||| qw: Plans: Normal
     0 | D:1      | 0 ||| PLANNING D:1-11
     0 | D:1      | Fell from the grace of Xom
   181 | D:1      | 181 ||| Stepping ~*~*~tactically~*~*~ (stealth).
   210 | D:1      | 210 ||| Stepping ~*~*~tactically~*~*~ (stealth).
   217 | D:1      | 217 ||| Stepping ~*~*~tactically~*~*~ (stealth).
   224 | D:1      | 224 ||| Stepping ~*~*~tactically~*~*~ (stealth).
   364 | D:1      | Reached XP level 2. HP: 21/24 MP: 2/2
   407 | D:1      | Reached skill level 4 in Axes
   408 | D:1      | 408 ||| Stepping ~*~*~tactically~*~*~ (hiding).
   510 | D:1      | 510 ||| Stepping ~*~*~tactically~*~*~ (hiding).
   511 | D:1      | 511 ||| Stepping ~*~*~tactically~*~*~ (hiding).
   647 | D:1      | XOM: give mutations
   647 | D:1      | Gained mutation: You occasionally lose the ability to drink
                  | potions when taking damage. [Xom's mischief]
   647 | D:1      | Gained mutation: You are robust. (+10% HP) [Xom's mischief]
   709 | D:1      | XOM: polymorph endoplasm -> river rat
   722 | D:1      | HP: 6/26 [river rat (2)]
   726 | D:1      | Noticed a killer bee
   726 | D:1      | a river rat changed into a killer bee
   728 | D:1      | Slain by a killer bee

Levels and vault maps discovered:
D:1:      evilmike_arrival_fibonacci_small, layout_basic,
          wad_floor_pattern_untrapped, minmay_tiny_reverse_x

Skill      XL: |  1  2 |
---------------+-------+-----
Axes           | 4 |  4.3
Fighting       | |  3.6
Armour         | |  2.4
Dodging        | |  1.1

Action                   || total
-------------------------++-------
Melee: Hand axe          ||    53
       Punch             ||     1
Invok: Renounce Religion ||     1
Armor: Leather armour    ||    15
Dodge: Dodged            ||    25

Table legend:
 A = Non-vault XP
 B = Vault XP
 C = Vault XP percentage of total XP
 D = Non-vault monster count
 E = Vault monster count
 F = Vault count percentage of total count
                 A         B        C        D         E       F
            +---------+---------+-------+---------+---------+-------
      Total |      23 |       2 |   8.0 |      13 |       2 |  13.3
            +---------+---------+-------+---------+---------+-------
        D:1 |      23 |       2 |   8.0 |      13 |       2 |  13.3
            +---------+---------+-------+---------+---------+-------
